 Dungeon Crawl Stone Soup version 0.27.1-35-g4d5d836560 (webtiles) character file.

Game seed: 11823830251935934131

0 spiderkeys the Ducker (level 1, -13/13 HPs)
             Began as a Deep Elf Abyssal Knight on June 11, 2022.
             Was a Follower of Lugonu.
             Mangled by a tentacled starspawn (25 damage)
             ... on level 1 of the Abyss.
             The game lasted 00:00:17 (202 turns).

spiderkeys the Ducker (Deep Elf Abyssal Knight)      Turns: 202, Time: 00:00:18

Health: -13/13     AC:  3    Str:  9    XL:     1   Next: 0%
Magic:  4/4        EV: 12    Int: 16    God:    Lugonu [*.....]
Gold:   0          SH:  0    Dex: 14    Spells: 0/0 levels left

rFire    . . .     SeeInvis .   a - +1 short sword
rCold    . . .     Faith    .   (no shield)
rNeg     . . .     Spirit   .   b - +0 leather armour
rPois    .         Reflect  .   (no helmet)
rElec    .         Harm     .   (no cloak)
rCorr    .         Rampage  .   (no gloves)
Will     .....                  (no boots)
Stlth    +.........             (no amulet)
HPRegen  0.04/turn              (no ring)
MPRegen  0.09/turn              (no ring)

@: no status effects
A: no striking features
a: Renounce Religion, Depart the Abyss


You were on level 1 of the Abyss.
You worshipped Lugonu.
Lugonu was aware of your devotion.
You visited 0 branches of the dungeon, and saw 0 of its levels.
You visited the Abyss 1 time.


   Skills:
 + Level 2.4 Fighting
 + Level 2.0 Short Blades
 + Level 0.7 Armour
 + Level 2.4 Dodging
 + Level 2.0 Invocations


You couldn't memorise any spells.
You didn't know any spells.
Your spell library was empty.

Inventory:

Hand Weapons
 a - a +1 short sword (weapon)
Armour
 b - a +0 leather armour (worn)

Dungeon Overview and Level Annotations

Branches:
Dungeon (0/15)

Altars:

. .. ...## .#
....... #. #.
##.#...# ##..
#...# ....##. #
##.#..#.#..#.##
#.#.#.....#.####
###
.#...#...##X@#
#.... .
......ww##
.#.###.
.##.....# #.#...
##....#### ..
X.####.## # .
..###. #....# ##
### . #..# ## #
#.#


You could see a tentacled starspawn and 2 starspawn tentacles.


Message History

🤖 Initializing magus.rc ...
Options error: Delay interrupt name "hungry" not recognised. (~/.crawlrc:4988) ✅ Successfully initialized magus.rc [v1.9.10] Welcome, spiderkeys the Deep Elf Abyssal Knight.
Will you be the one to retrieve the transcendent Orb of Zot from the depths?
Lugonu says: Depart the Abyss and spread corruption, my servant! (use the ability menu to exit the Abyss) Press ? for a list of commands and other information.
Found a corrupted altar of Lugonu.
A small abomination comes into view.
A tentacled starspawn comes into view.
A starspawn tentacle comes into view.
Tentacles burst from the starspawn's body! 2 starspawn tentacles come into view.
The starspawn tentacle completely misses you.
Unknown command.
The starspawn tentacle grabs you.
The starspawn tentacle constricts you. 😕 HP[-2]
You take 2 damage, and now have 11/13 hp.
You escape the starspawn tentacle's grasp. 😕 HP[+1] Unknown command.
The starspawn tentacle misses you.
Unknown command.
You hit the starspawn tentacle but do no damage.
The starspawn tentacle closely misses you.
You barely miss the starspawn tentacle.
The starspawn tentacle barely misses you.
The tentacled starspawn bites you!!
Ouch! That really hurt!
You die...

Action                   || total
-------------------------++-------
Melee: Short sword       ||     2
Dodge: Dodged            ||     4

Levels and vault maps discovered:
Abyss:1:  base: Temple, base:
Temple

Notes
Turn   | Place    | Note
-------+----------+-------------------------------------------
     0 | Abyss:1  | spiderkeys the Deep Elf Abyssal Knight began the quest for
                  | the Orb.
     0 | Abyss:1  | Reached XP level 1. HP: 13/13 MP: 4/4
     0 | Abyss:1  | magus.rc [v1.9.10]
   108 | Abyss:1  | Noticed a small abomination
   172 | Abyss:1  | Noticed a tentacled starspawn
   202 | Abyss:1  | Mangled by a tentacled starspawn

Vanquished Creatures (others)
  2 starspawn tentacles (Abyss:1)
2 creatures vanquished.

Table legend:
 A = Non-vault XP
 B = Vault XP
 C = Vault XP percentage of total XP
 D = Non-vault monster count
 E = Vault monster count
 F = Vault count percentage of total count
                 A         B        C        D         E       F
            +---------+---------+-------+---------+---------+-------
      Total |       0 |       0 |   N/A |       0 |       0 |  -nan
            +---------+---------+-------+---------+---------+-------
            +---------+---------+-------+---------+---------+-------

Illustrated notes

Table legend: (Time is in decaauts)
 A = Elapsed time spent in this place.
 B = Non-inter-level travel time spent in this place.
 C = Inter-level travel time spent in this place.
 D = Time resting spent in this place.
 E = Time spent auto-exploring this place.
 F = Levels seen in this place.
 G = Mean time per level.
                   A        B        C        D        E       F      G
               +--------+--------+--------+--------+--------+-----+--------+
         Total |    202 |    202 |      0 |      0 |    166 |   1 |  202.0 |
         Abyss |    202 |    202 |      0 |      0 |    166 |   1 |  202.0 |
               +--------+--------+--------+--------+--------+-----+--------+

Top non-repeatable levels by time:
 Abyss:1: 202 daAuts
